 Dungeon Crawl Stone Soup version 0.31-a0-271-gb88eb75e06 (webtiles) character file.

Game seed: 12781959212331809857

911 LeprechaunX the Changeling (level 8, 0/54 HPs)
             Began as an Octopode Shapeshifter on July 14, 2023.
             Slain by a gnoll
             ... wielding a +0 spear
             ... led by a gnoll sergeant
              (6 damage)
             ... on level 9 of the Dungeon.
             The game lasted 00:07:04 (4609 turns).

LeprechaunX the Changeling (Octopode Shapeshifter)  Turns: 4609, Time: 00:07:04

Health: 0/54       AC:  1    Str: 16    XL:     8   Next: 8%
Magic:  17/17      EV: 14    Int: 10    God:
Gold:   304        SH:  0    Dex: 13    Spells: 7/7 levels left

rFire   . . .        b - +4 quarterstaff
rCold   . . .        (shield currently unavailable)
rNeg    . . .        (helmet currently unavailable)
rPois   .            (no amulet)
rElec   .            x - ring of magical power
rCorr   .            (no ring)
SInv    .            (no ring)
Will    .....        (no ring)
Stlth   ++           (no ring)
HPRegen 0.29/turn    (no ring)
MPRegen 0.15/turn    (no ring)
                     (no ring)

%: no passive effects
@: beast-form
A: beast (slay +3), almost no armour, amphibious, 8 rings, camouflage 1,
gelatinous body 1, (nimble swimmer 1), tentacles
a: Begin Untransformation


You were on level 9 of the Dungeon.
You were a hulking beast.
You visited 2 branches of the dungeon, and saw 8 of its levels.

You collected 304 gold pieces.

Inventory:

Hand Weapons
 a - a +0 orcbow
 b - a +4 quarterstaff (weapon)
Missiles
 w - a throwing net
Jewellery
 x - a ring of magical power (left tentacle)
Talismans
 t - a beast talisman
Wands
 u - a wand of digging (4)
Scrolls
 d - a scroll of poison {unknown}
 e - a scroll of blinking {unknown}
 h - a scroll of fear {unknown}
 j - a scroll of immolation {unknown}
 k - 3 scrolls of identify {unknown}
 l - 4 scrolls of teleportation {unknown}
 n - 2 scrolls of fog {unknown}
 o - a scroll of enchant armour {unknown}
 p - a scroll of revelation {unknown}
 q - a scroll of noise {unknown}
 v - a scroll of brand weapon {unknown}
Potions
 c - 2 potions of heal wounds {unknown}
 f - a potion of ambrosia {unknown}
 g - a potion of invisibility {unknown}
 i - 2 potions of haste {unknown}
 m - 5 potions of curing {unknown}
 r - a potion of brilliance {unknown}
 s - a potion of lignification
 z - 3 potions of enlightenment {unknown}
 A - 2 potions of degeneration {unknown}
 B - a potion of magic {unknown}


   Skills:
 + Level 4.3 Fighting
 + Level 4.3 Dodging
 + Level 4.4 Unarmed Combat
 * Level 5.6 Shapeshifting


You had 7 spell levels left.
You didn't know any spells.
Your spell library contained the following spells:

 Spells                   Type           Power      Damage    Failure   Level
 Freeze                   Ice            0%         1d3       36%         1
 Sting                    Tmut/Pois      0%         1d3       36%         1
 Poisonous Vapours        Pois/Air       0%         N/A       50%         2
 Frozen Ramparts          Ice            0%         1d1       75%         3
 Hailstorm                Conj/Ice       0%         3d3       75%         3
 Olgreb's Toxic Radiance  Pois           0%         N/A       98%         4


Dungeon Overview and Level Annotations

Branches:
Dungeon (6/15)             Temple (1/1) D:5

Altars:
Ashenzari
Dithmenos
Hepliaklqana
Kikubaaqudgha
Makhleb
Nemelex Xobeh
Okawaru
Qazlal
Ru
Trog
Uskayaw
Vehumet
Wu Jian
Xom
Yredelemnul
Zin
The Shining One

Shops:
D:3 *


Innate Abilities, Weirdness & Mutations

You are a hulking beast.
Your limbs bulge with bestial killing power. (Slay +3)
You cannot wear most types of armour.
You are amphibious.
You can wear up to eight rings at the same time.
Your skin changes colour to match your surroundings (Stealth+).
Your rubbery body absorbs attacks. (AC +1, EV +1)
((You are camouflaged when in or above water. (Stealth+)))
You have tentacles for arms and can constrict up to eight enemies at once.


Message History

The wight hits you with a +0 dagger.
b - a +4 quarterstaff (weapon)
The wight attacks as you move away! The wight barely misses you.
A sourceless malevolence fills the Dungeon...
You fall into a shaft and drop 3 floors!
The shaft crumbles and collapses.
Found a clear potion and 5 gold pieces.
HP restored.
A - 2 clear potions (gained 1)
Found a falchion.
You now have 304 gold pieces (gained 5).
Found a stone staircase leading down.
A gnoll sergeant, a gnoll and a water moccasin come into view.
Found a scale mail.
The gnoll shouts!
The gnoll sergeant shouts!
You hear a shout! x2
A centaur comes into view.
The centaur wields a +0 shortbow.
The centaur shoots an arrow.
The arrow hits you!
The centaur shoots an arrow.
The arrow hits you!
Found a sharpened bone wand.
The centaur unwields a +0 shortbow.
The centaur misses you. The centaur kicks you. The centaur hits you.
The centaur kicks you.
You completely miss the centaur. The centaur completely misses you. x2
The centaur barely misses you. The centaur kicks you.
You sock the centaur! You squeeze the centaur.
You kill the centaur!
You hear a shout!
A gnoll comes into view. It is wielding a +0 club.
The gnoll hits you from afar with a +0 spear!
* * * LOW HITPOINT WARNING * * *
You hear an angry hiss.
You hear a bellow!
You have reached level 8!
The gnoll hits you from afar with a +0 spear!
* * * LOW HITPOINT WARNING * * *
You sock the gnoll! You grab the gnoll.
The gnoll is almost dead.
You constrict the gnoll.
You kill the gnoll!
The gnoll hits you from afar with a +0 spear.
You die...

... ..## ..#
.../. #.# .....
.#######.##......
.................
...>..........g..
##..)..)# .g...
#....h).#......
#.#....g#......
#.........[..
#.....#######
#.....# #.....#
#.....#####
###.......#
#.......#


You could see a gnoll.

Vanquished Creatures
  An ice beast (D:5)
  2 ogres
  A centaur (D:9)
  A phantom (D:5)
  3 scorpions (D:5)
  A jelly (D:5)
  2 hounds
  A sleepcap (D:5)
  An orc wizard (D:3)
  Natasha (twice) (D:2)
  4 gnolls
  3 adders
  2 worms
  A dart slug (D:4)
  10 orcs
  5 bats
  2 endoplasms
  A giant cockroach (D:1)
  3 goblins
  9 hobgoblins
  8 jackals
  7 kobolds
  2 quokkas
  5 ball pythons
  A frilled lizard (D:3)
  2 rats
80 creatures vanquished.

Notes
Turn   | Place    | Note
-------+----------+-------------------------------------------
     0 | D:1      | LeprechaunX the Octopode Shapeshifter began the quest for
                  | the Orb.
     0 | D:1      | Reached XP level 1. HP: 14/14 MP: 1/1
   208 | D:1      | Reached XP level 2. HP: 15/19 MP: 2/2
   712 | D:2      | Noticed Natasha
   797 | D:2      | Killed Natasha
   798 | D:2      | Reached XP level 3. HP: 14/25 MP: 3/3
  1263 | D:2      | Noticed Natasha
  1268 | D:2      | Killed Natasha
  1269 | D:2      | Reached XP level 4. HP: 23/30 MP: 4/4
  1819 | D:3      | Found Xorees's General Store.
  1908 | D:3      | Reached XP level 5. HP: 28/36 MP: 5/5
  2623 | D:4      | Reached skill level 4 in Shapeshifting
  2693 | D:4      | Noticed a black bear
  2942 | D:4      | Noticed an ogre
  2951 | D:4      | Killed an ogre
  2952 | D:4      | Reached XP level 6. HP: 37/42 MP: 6/6
  3402 | D:5      | Entered Level 5 of the Dungeon
  3402 | D:5      | Noticed an ice beast
  3411 | D:5      | Killed an ice beast
  3491 | D:5      | Reached XP level 7. HP: 46/46 MP: 7/7
  3565 | D:5      | Reached skill level 5 in Shapeshifting
  3909 | D:5      | Found a staircase to the Ecumenical Temple.
  3918 | Temple   | Entered the Ecumenical Temple
  4571 | D:6      | You fall into a shaft and drop 3 floors!
  4607 | D:9      | Reached XP level 8. HP: 13/54 MP: 8/8
  4609 | D:9      | Slain by a gnoll

Illustrated notes

Levels and vault maps discovered:
D:1:      eino_arrival_cavern_a, layout_basic
D:2:      layout_basic, uniq_natasha
D:3:      layout_loops_corners, serial_shops, shop, serial_aquarium,
          aquarium_bridge_long_joined [aquarium_subvault_wall,
          aquarium_subvault_bridge, aquarium_subvault_window,
          aquarium_subvault_balcony, aquarium_subvault_wall,
          aquarium_subvault_window], aquarium_window_fake, aquarium_window_fake,
          aquarium_view_2a, aquarium_view_2a, aquarium_pool_2
D:4:      layout_gridville
D:5:      layout_loops_ring, minmay_temple_entry_slanted
D:6:      layout_basic, cheibrodos_sewer_entry_bend, serial_shops,
          nicolae_lakefront_shop
D:9:      layout_rooms
Temple:   minmay_crystal_spiral_temple

Skill      XL: |  1  2  3  4  5  6  7 |
---------------+----------------------+-----
Unarmed Combat | 3 4 |  4.4
Fighting       | 3 4 |  4.3
Dodging        | 3 4 |  4.3
Shapeshifting  | 4 5 |  5.6

Action                     |  1- 3 |  4- 6 |  7- 9 || total
---------------------------+-------+-------+-------++-------
  Melee: Unarmed           |    23 |       |       ||    23
         Tentacles         |     6 |    11 |     6 ||    23
         Constrict         |     5 |    17 |     5 ||    27
         Flail             |    10 |    53 |       ||    63
         Punch             |     1 |       |     1 ||     2
         Quarterstaff      |       |    18 |    30 ||    48
   Fire: Orcbow            |       |    18 |    21 ||    39
   Stab: Sleeping          |     3 |     5 |       ||     8
 Armour: Skin              |     2 |    10 |     1 ||    13
  Dodge: Dodged            |    20 |    42 |    26 ||    88

Table legend: (Time is in decaauts)
 A = Elapsed time spent in this place.
 B = Non-inter-level travel time spent in this place.
 C = Inter-level travel time spent in this place.
 D = Time resting spent in this place.
 E = Time spent auto-exploring this place.
 F = Levels seen in this place.
 G = Mean time per level.
                   A        B        C        D        E       F      G
               +--------+--------+--------+--------+--------+-----+--------+
         Total |   4649 |   4491 |    158 |    353 |   3404 |   8 |  581.1 |
       Dungeon |   4424 |   4266 |    158 |    353 |   3299 |   7 |  632.0 |
        Temple |    224 |    224 |      0 |      0 |    105 |   1 |  224.0 |
               +--------+--------+--------+--------+--------+-----+--------+

Top non-repeatable levels by time:
     D:3: 1162 daAuts
     D:5: 955 daAuts
     D:4: 858 daAuts
     D:1: 710 daAuts
     D:2: 695 daAuts
  Temple: 224 daAuts
     D:9: 38 daAuts
     D:6: 4 daAuts
